 Dungeon Crawl Stone Soup version 0.29-a0-222-g5b244fca1f (webtiles) character file.

Game seed: 7256292188987768646

44 n8rtot the Skirmisher (level 3, 0/30 HPs)
             Began as a Demonspawn Abyssal Knight on Feb 28, 2022.
             Was a Follower of Lugonu.
             Slain by a worm (7 damage)
             ... on level 2 of the Dungeon.
             The game lasted 00:08:48 (1075 turns).

n8rtot the Skirmisher (Demonspawn Abyssal Knight)   Turns: 1075, Time: 00:08:49

Health: 0/30       AC:  5    Str: 15    XL:     3   Next: 39%
Magic:  4/4        EV: 10    Int: 11    God:    Lugonu [*.....]
Gold:   33         SH:  4    Dex: 13    Spells: 2/2 levels left

rFire   . . .      SeeInvis .   a - +1 hand axe
rCold   . . .      Faith    .   k - orb {light}
rNeg    . . .      Spirit   .   e - +0 ring mail
rPois   .          Reflect  .   (no helmet)
rElec   .          Harm     .   c - scarf {repulsion}
rCorr   .          Rampage  .   (no gloves)
Will    .....                   (no boots)
Stlth   +.........              (no amulet)
HPRegen 0.10/turn               (no ring)
MPRegen 0.09/turn               (no ring)

@: glowing, repel missiles
A: condensation shield
a: Renounce Religion, Depart the Abyss


You were on level 2 of the Dungeon.
You worshipped Lugonu.
Lugonu was aware of your devotion.
You visited 1 branch of the dungeon, and saw 2 of its levels.
You visited the Abyss 1 time.

You collected 33 gold pieces.

Inventory:

Hand Weapons
 a - a +1 hand axe (weapon)
Missiles
 d - 58 stones
 h - 4 curare-tipped darts
Armour
 b - a +0 leather armour
 c - a scarf of repulsion (worn)
 e - a +0 ring mail (worn)
 k - an orb of light (worn)
Magical Staves
 n - a staff of fire
Scrolls
 i - 3 scrolls of teleportation {unknown}
 l - a scroll of enchant weapon {unknown}
Potions
 f - a potion of curing {unknown}
 g - 2 potions of brilliance {unknown}
 j - a potion of ambrosia {unknown}
 m - a potion of mutation {unknown}


   Skills:
 + Level 3.8 Fighting
 + Level 2.3 Axes
 + Level 2.2 Armour
 + Level 0.8 Dodging
 + Level 2.6 Invocations


You had 2 spell levels left.
You didn't know any spells.
Your spell library was empty.

Dungeon Overview and Level Annotations

Branches:
Dungeon (2/15)

Altars:
Zin


Innate Abilities, Weirdness & Mutations

A meltable shield of frost defends you. (SH +4)


Message History

The adder poisons you! The adder bites you.
You are more poisoned.
The adder poisons you!
You hit the adder.
You kill the adder!
Lugonu accepts your kill.
You hit the worm.
You feel very sick. The worm closely misses you.
Your Armour skill increases to level 2!
You feel sick.
You feel sick.
You feel sick. The rat bites you.
You hit the rat but do no damage.
You feel sick. The rat bites you but does no damage.
You feel sick.
You hit the rat.
You kill the rat!
Lugonu accepts your kill.
You feel sick.
You hit the worm.
The worm is lightly wounded.
You feel sick.
You are no longer poisoned.
You hit the worm.
The worm is heavily wounded.
You block the worm's attack.
You hit the worm.
The worm is heavily wounded.
You block the worm's attack.
You hit the worm.
The worm is heavily wounded.
The worm bites you!
* * * LOW HITPOINT WARNING * * *
You hit the worm.
The worm is severely wounded.
You hit the worm.
The worm is almost dead.
The worm bites you!
You die...

...........)..)..
............[...#
..<............?#
....)............
#..............# ##
#.....†#.....# ####.
#..?....#
#....#######w####### #
...>........@# ..
...........### ..#
...........### ..##
.............#######....#
...........#....[....#
...............##.##.....
....#####.........# ###
... #..._...### ##
##.....##


You could see a worm.

Vanquished Creatures
  An adder (D:2)
  A worm (D:2)
  A dart slug (D:1)
  2 bats (D:1)
  2 endoplasms (D:1)
  A giant cockroach (D:2)
  4 goblins (D:1)
  6 hobgoblins
  A quokka (D:1)
  A ball python (D:1)
  5 frilled lizards
  2 kobolds (D:1)
  A rat (D:2)
28 creatures vanquished.

Notes
Turn   | Place    | Note
-------+----------+-------------------------------------------
     0 | Abyss:1  | n8rtot the Demonspawn Abyssal Knight began the quest for
                  | the Orb.
     0 | Abyss:1  | Reached XP level 1. HP: 18/18 MP: 2/2
     0 | D:1      | Escaped the Abyss
   471 | D:1      | Gained mutation: A meltable shield of frost defends you.
                  | (SH +4) [demonic ancestry]
   471 | D:1      | Reached XP level 2. HP: 16/24 MP: 3/3
   503 | D:1      | Reached * piety under Lugonu
  1008 | D:2      | Reached XP level 3. HP: 30/30 MP: 4/4
  1075 | D:2      | Slain by a worm

Illustrated notes

Levels and vault maps discovered:
D:1:      nagdon_arrival_zigzag_paths, layout_basic,
          hellmonk_ecumenical_altar_leap_of_faith, serial_glass,
          glass_columns_a, glass_columns_a
D:2:      layout_rooms, basic_altar

Skill      XL: |  1  2  3 |
---------------+----------+-----
Axes           | 2 |  2.3
Armour         | 2 |  2.2
Fighting       | |  3.8
Dodging        | |  0.8
Invocations    | |  2.6

Action                   || total
-------------------------++-------
Melee: Hand axe          ||    70
Invok: Depart the Abyss  ||     1
Armor: Ring mail         ||    29
Dodge: Dodged            ||    20
       Repelled          ||     1
Block: Other             ||     5
       Orb               ||     4

Table legend: (Time is in decaauts)
 A = Elapsed time spent in this place.
 B = Non-inter-level travel time spent in this place.
 C = Inter-level travel time spent in this place.
 D = Time resting spent in this place.
 E = Time spent auto-exploring this place.
 F = Levels seen in this place.
 G = Mean time per level.
                   A        B        C        D        E       F      G
               +--------+--------+--------+--------+--------+-----+--------+
         Total |   1088 |   1088 |      0 |    314 |     23 |   3 |  362.7 |
       Dungeon |   1088 |   1088 |      0 |    314 |     23 |   2 |  544.0 |
         Abyss |      0 |      0 |      0 |      0 |      0 |   1 |    0.0 |
               +--------+--------+--------+--------+--------+-----+--------+

Top non-repeatable levels by time:
     D:1: 991 daAuts
     D:2: 96 daAuts
